 Dungeon Crawl Stone Soup version 0.17.0 (webtiles) character file.

10436 Eucla the Cruncher (level 11, -2/101 HPs)
             Began as a Minotaur Gladiator on Nov 11, 2015.
             Was an Elder of Okawaru.
             Shot with an arrow by a centaur (10 damage)
             ... on level 10 of the Dungeon.
             The game lasted 00:23:15 (9360 turns).

Eucla the Cruncher (Minotaur Gladiator)             Turns: 9360, Time: 00:23:15

Health: -2/101     AC: 20    Str: 16      XL:     11   Next: 36%
Magic:  0/10       EV:  9    Int:  4 (5)  God:    Okawaru [****..]
Gold:   277        SH:  0    Dex: 18      Spells: 0 memorised, 10 levels left

rFire  . . .     SeeInvis +     Q - +3 quarterstaff of Cavuaj {venom, MR+ Str-3 SInv} (curse)
rCold  . . .     Clarity  .     r - +0 chain mail (curse)
rNeg   . . .     SustAt   +     (shield currently unavailable)
rPois  .         Gourm    .     p - +2 hat
rElec  .         Spirit   +     t - +0 cloak
rCorr  .         Warding  .     F - +2 pair of gloves {Dex+3}
rMut   .         Stasis   .     A - +0 pair of boots
MR     +....                    u - amulet of guardian spirit
Stlth  ..........               J - ring of flight
                                b - ring of sustain attributes

@: somewhat resistant to hostile enchantments, extremely unstealthy
A: retaliatory headbutt, horns 2
a: Heroism, Renounce Religion, Evoke Flight


You were on level 10 of the Dungeon.
You worshipped Okawaru.
Okawaru was greatly pleased with you.
You were full.

You visited 2 branches of the dungeon, and saw 11 of its levels.
You also visited: Ossuary.

You collected 465 gold pieces.
You spent 188 gold pieces at shops.

Inventory:

Hand Weapons
 a - a +0 quarterstaff of venom
 Q - the cursed +3 quarterstaff of Cavuaj (weapon) {venom, MR+ Str-3 SInv}
   (You found it on level 6 of the Dungeon)

   It poisons the flesh of those it strikes.
   It affects your strength (-3).
   It affects your resistance to hostile enchantments.
   It lets you see invisible.
   It has a curse placed upon it.
Missiles
 d - 6 throwing nets (quivered)
Armour
 c - the +2 ring mail of Sif Muna's Regard {rElec Dex+3}
   (You found it on level 8 of the Dungeon)

   It affects your dexterity (+3).
   It insulates you from electricity.
 p - a +2 hat (worn)
 q - a +1 hat
 r - a cursed +0 chain mail (worn)
 t - a +0 cloak (worn)
 A - a +0 pair of boots (worn)
 F - a +2 pair of gloves of dexterity (worn)
Jewellery
 b - a ring of sustain attributes (left hand)
 u - an amulet of guardian spirit (around neck)
 J - a ring of flight (right hand)
Wands
 j - a wand of teleportation (3)
 l - a wand of random effects (32)
 n - a wand of teleportation (4)
 z - a wand of paralysis (0)
 K - a wand of cold (0)
 R - a wand of frost (0)
Scrolls
 k - 5 scrolls of teleportation
 w - 2 scrolls of magic mapping
 x - a scroll of noise {unknown}
 y - a scroll of fog {unknown}
 C - 2 scrolls of recharging
 D - a scroll of acquirement {unknown}
 H - a scroll of remove curse {unknown}
 I - a scroll of enchant armour
 L - a scroll of brand weapon
 M - 2 scrolls of enchant weapon {unknown}
Potions
 g - 2 potions of haste
 h - a potion of cancellation
 m - a potion of degeneration
 o - 2 potions of agility
 s - 2 potions of flight {unknown}
 v - a potion of magic {unknown}
 B - a potion of poison {unknown}
 E - 2 potions of curing
 G - a potion of resistance
 O - a potion of ambrosia {unknown}
 P - a potion of heal wounds
Books
 N - a book of Battle

   Spells                             Type                      Level
   a - Infusion                       Charms                       1
   b - Shroud of Golubria             Charms/Translocation         2
   c - Song of Slaying                Charms                       2
   d - Spectral Weapon                Hexes/Charms                 3
   e - Regeneration                   Charms/Necromancy            3
Comestibles
 e - 8 bread rations
 f - 4 slices of pizza
 i - 2 meat rations


   Skills:
 + Level 10.7 Fighting
 * Level 14.9 Staves
 - Level 2.0 Throwing
 + Level 10.7 Armour
 - Level 3.2 Dodging


You had 10 spell levels left.
You didn't know any spells.

Dungeon Overview and Level Annotations

Branches:
Dungeon (10/15)            Temple (1/1) D:5
   Lair: D:8-11         Orc: D:9-12

Altars:
Ashenzari
Cheibriados
Dithmenos
Elyvilon
Fedhas
Gozag
Kikubaaqudgha
Makhleb
Nemelex Xobeh
Okawaru
Qazlal
Ru
Sif Muna
Trog
Vehumet
Xom
Yredelemnul
Zin
The Shining One

Shops:
D:4 [   D:6 (   D:8 *


Innate Abilities, Weirdness & Mutations

You reflexively headbutt those who attack you in melee.
You have a pair of horns on your head.


Message History

Aim: a centaur, wielding a shortbow The bolt of cold hits the hill giant.
You kill the hill giant!
Okawaru is honoured by your kill.
The bolt of cold hits the centaur.
The centaur is severely wounded.
Evoking this partially-identified wand wasted a few charges.
The centaur shoots an arrow.
The arrow barely misses you.
The centaur shoots an arrow.
The arrow hits you but does no damage.
The centaur shoots an arrow.
The arrow hits you but does no damage.
You see here an arrow.
The centaur shoots an arrow.
The arrow hits you!
* * * LOW HITPOINT WARNING * * *
Things that are here:
an arrow; a giant spiked club; a hill giant corpse Unknown command.
The centaur shoots an arrow.
The arrow hits you!
* * * LOW HITPOINT WARNING * * *
The centaur shoots an arrow.
The arrow hits you!
You die...

### #.## ...####
......##########################
...#..........c)@((..(.........#
#.##..########################.#
#.##..# #.# #.##..###############
####.## #.##.....Cc.co).(.o(#
#......
#.##.##############.#######......
#.##.##.........(..((....}.#.##.#
#.##.##.##.........(.............
#.##.##.##.######..(.######....#.


You could see a centaur.

Vanquished Creatures
  Gastronok (D:9)
  A centaur warrior (D:10)
  Pikel (D:9)
  2 hill giants (D:10)
  An orc knight (D:10)
  The ghost of Guenter the Covert, a novice OpCj (D:7)
  Joseph (D:9)
  Prince Ribbit (D:9)
  Sigmund (D:2)
  A wraith (Ossuary)
  Grum (D:9)
  3 wolves (D:9)
  2 hungry ghosts
  A sky beast (D:7)
  2 water moccasins
  An orc warrior (D:9)
  3 phantoms
  6 ogres
  3 centaurs
  A necrophage (D:8)
  A big kobold (D:4)
  6 giant frogs
  2 scorpions
  A gnoll sergeant (D:8)
  6 killer bees (D:7)
  3 crimson imps
  A giant frog zombie (D:5)
  5 hounds
  A centaur zombie (D:9)
  7 jellies
  2 giant frog skeletons
  Crazy Yiuf (D:2)
  7 orc priests
  9 worker ants
  Jessica (D:2)
  A gnoll shaman (D:4)
  Natasha (thrice) (D:3)
  3 iguanas
  9 orc wizards
  A hound skeleton (D:6)
  A hound zombie (D:6)
  44 gnolls
  A mummy (Ossuary)
  Robin (D:3)
  11 adders
  A worker ant zombie (D:5)
  A shadow imp (D:7)
  5 oozes (D:8)
  3 adder skeletons
  An adder zombie (D:7)
  5 worms
  5 giant geckos
  29 orcs
  12 goblins
  11 hobgoblins
  14 kobolds
  3 ball pythons
  15 bats
  2 giant cockroaches
  A giant gecko skeleton (D:5)
  11 giant newts
  8 gnoll skeletons (Ossuary)
  19 jackals
  4 kobold skeletons (Ossuary)
  13 orc skeletons (Ossuary)
  6 quokkas
  6 rats
337 creatures vanquished.

Vanquished Creatures (others)
  A slave (D:10)
  A hound skeleton (D:4)
  A worker ant simulacrum (D:10)
  A plant (D:4)
4 creatures vanquished.

Grand Total: 341 creatures vanquished

Notes
Turn   | Place    | Note
--------------------------------------------------------------
     0 | D:1      | Eucla the Minotaur Gladiator began the quest for the Orb.
     0 | D:1      | Reached XP level 1. HP: 18/18 MP: 0/0
   152 | D:1      | Reached XP level 2. HP: 25/25 MP: 1/1
   154 | D:1      | Reached skill level 4 in Staves
   163 | D:1      | Reached skill level 1 in Armour
   753 | D:2      | Reached XP level 3. HP: 26/30 MP: 2/2
   823 | D:2      | Noticed Jessica
   842 | D:2      | Killed Jessica
   842 | D:2      | Reached skill level 5 in Staves
   842 | D:2      | Reached XP level 4. HP: 29/38 MP: 3/3
  1034 | D:2      | Noticed Sigmund
  1046 | D:2      | Killed Sigmund
  1046 | D:2      | Reached skill level 6 in Staves
  1046 | D:2      | Reached XP level 5. HP: 24/46 MP: 4/4
  1302 | D:2      | Noticed Crazy Yiuf
  1309 | D:2      | Killed Crazy Yiuf
  1309 | D:2      | Reached XP level 6. HP: 38/53 MP: 0/5
  1577 | D:3      | Noticed Robin
  1600 | D:3      | Killed Robin
  1796 | D:3      | Paralysed by a hobgoblin for 7 turns
  2084 | D:3      | Noticed Natasha
  2101 | D:3      | Killed Natasha
  2107 | D:3      | Noticed Natasha
  2111 | D:3      | Killed Natasha
  2150 | D:3      | Noticed Natasha
  2152 | D:3      | Killed Natasha
  2304 | D:3      | Reached skill level 7 in Staves
  2801 | D:4      | Reached skill level 5 in Fighting
  2801 | D:4      | Reached XP level 7. HP: 59/61 MP: 6/6
  2921 | D:4      | Reached skill level 8 in Staves
  3018 | D:4      | Found Fudumet's Armour Emporium.
  3303 | D:4      | Reached skill level 5 in Armour
  3314 | D:4      | Reached skill level 9 in Staves
  3314 | D:4      | Reached XP level 8. HP: 17/70 MP: 7/7
  4848 | D:5      | Entered Level 5 of the Dungeon
  5025 | D:5      | Found a staircase to the Ecumenical Temple.
  5071 | D:5      | Found a shadowy altar of Dithmenos.
  5148 | Temple   | Entered the Ecumenical Temple
  5345 | D:5      | Reached skill level 10 in Staves
  5515 | D:5      | You fall through a shaft for 3 floors!
  5712 | D:8      | Found a sand-covered staircase.
  5724 | D:8      | Found Pone's Assorted Antiques.
  5736 | D:8      | Got a warped ring mail
  5826 | Ossuary  | Entered an ossuary
  5906 | Ossuary  | Reached XP level 9. HP: 68/79 MP: 8/8
  5941 | Ossuary  | Identified the +2 ring mail of Sif Muna's Regard {rElec Dex+3} (You found it on level 8 of the Dungeon)
  6114 | D:8      | Bought a scroll labeled GUOGAO SUEMANA for 29 gold pieces
  6114 | D:8      | Bought a scroll labeled RESEPO WESHYR for 29 gold pieces
  6114 | D:8      | Bought a pair of embroidered gloves for 130 gold pieces
  6298 | D:8      | Reached skill level 11 in Staves
  6939 | D:7      | Reached skill level 12 in Staves
  7004 | D:7      | Noticed Guenter's ghost (novice OpCj)
  7088 | D:7      | Killed Guenter's ghost
  7088 | D:7      | Reached XP level 10. HP: 77/90 MP: 9/9
  7176 | D:7      | Found a burning altar of Makhleb.
  7177 | D:7      | Found a radiant altar of Vehumet.
  7392 | D:6      | Found a glowing golden altar of the Shining One.
  7452 | D:6      | Got a slimy quarterstaff
  7453 | D:6      | Identified the cursed +3 quarterstaff of Cavuaj {venom, MR+ Str-3 SInv} (You found it on level 6 of the Dungeon)
  7642 | D:6      | Found an iron altar of Okawaru.
  7654 | D:6      | Became a worshipper of Warmaster Okawaru
  7743 | D:6      | Found Xakaur's Antique Weapon Emporium.
  8243 | D:9      | Noticed Prince Ribbit
  8266 | D:9      | Killed Prince Ribbit
  8266 | D:9      | Reached skill level 13 in Staves
  8268 | D:9      | Noticed Gastronok
  8288 | D:9      | Killed Gastronok
  8288 | D:9      | Reached * piety under Okawaru
  8357 | D:9      | Noticed Grum
  8359 | D:9      | Reached ** piety under Okawaru
  8359 | D:9      | Reached skill level 10 in Fighting
  8372 | D:9      | Reached skill level 14 in Staves
  8379 | D:9      | Killed Grum
  8624 | D:9      | Reached skill level 10 in Armour
  8644 | D:9      | Noticed Joseph
  8663 | D:9      | Killed Joseph
  8695 | D:9      | Noticed Pikel
  8714 | D:9      | Killed Pikel
  8714 | D:9      | Reached *** piety under Okawaru
  8714 | D:9      | Reached XP level 11. HP: 48/101 MP: 6/10
  8731 | D:9      | Found a bloodstained altar of Trog.
  8731 | D:9      | Found a deep blue altar of Sif Muna.
  9193 | D:10     | Entered Level 10 of the Dungeon
  9193 | D:10     | Noticed a hill giant
  9206 | D:10     | Killed a hill giant
  9293 | D:10     | Noticed a centaur warrior
  9294 | D:10     | Noticed a hill giant
  9314 | D:10     | Killed a centaur warrior
  9357 | D:10     | Killed a hill giant
  9357 | D:10     | Reached **** piety under Okawaru
  9360 | D:10     | Shot with an arrow by a centaur

Action                   |  1- 3 |  4- 6 |  7- 9 | 10-12 || total
-------------------------+-------+-------+-------+-------++-------
Melee: Quarterstaff      |    61 |   153 |   501 |   211 ||   926
Invok: Heroism           |       |       |       |     1 ||     1
Evoke: Wand              |       |       |     3 |     3 ||     6
  Use: Potion            |       |     1 |    11 |       ||    12
       Scroll            |       |       |    14 |       ||    14
  Eat: Chunk             |       |     6 |     5 |       ||    11
       Fruit             |       |       |     4 |       ||     4
       Royal jelly       |       |       |     6 |     5 ||    11
       Pizza             |       |       |     1 |       ||     1
       Meat ration       |       |       |     1 |       ||     1
       Beef jerky        |       |       |     1 |       ||     1
